 Seeded DCSS version 0.30-a0-40-gc6d0f036a7 (webtiles) character file.

Game seed: 18168638616186862194 (custom seed)

3694 ravioli the Geomancer (level 10, -9/57 HPs)
             Began as an Octopode Earth Elementalist on Aug 30, 2022.
             Mangled by a wyvern (15 damage)
             ... on level 8 of the Dungeon.
             The game lasted 00:22:37 (8896 turns).

ravioli the Geomancer (Octopode Earth Elementalist) Turns: 8896, Time: 00:22:39

Health: -9/57      AC:  1    Str: 15    XL:     10   Next: 13%
Magic:  22/31      EV: 15    Int: 21    God:
Gold:   73         SH:  0    Dex: 12    Spells: 19/25 levels left

rFire   . . .      SeeInvis .    b - staff of earth
rCold   . . .      Faith    .    (no shield)
rNeg    + . .      Spirit   .    (helmet restricted)
rPois   .          Reflect  .    c - amulet of regeneration
rElec   .          Harm     .    l - ring of positive energy
rCorr   .          Rampage  .    g - +6 ring of strength
Will    .....                    B - ring of magical power
Stlth   +++++.....               (no ring)
HPRegen 0.99/turn                (no ring)
MPRegen 0.22/turn                (no ring)
                                 (no ring)
                                 (no ring)

@: no status effects
A: almost no armour, amphibious, 8 rings, camouflage 1, gelatinous body 1,
(nimble swimmer 1), tentacles
a: no special abilities


You were on level 8 of the Dungeon.
You visited 2 branches of the dungeon, and saw 9 of its levels.

You collected 353 gold pieces.
You spent 280 gold pieces at shops.

Inventory:

Missiles
 q - 2 throwing nets
Magical Staves
 b - a staff of earth (weapon)
Jewellery
 c - an amulet of regeneration (around mantle)
 g - a +6 ring of strength (right tentacle)
 l - a ring of positive energy (left tentacle)
 B - a ring of magical power (on tentacle)
Wands
 k - a wand of mindburst (10)
 A - a wand of polymorph (11)
Scrolls
 d - 2 scrolls of identify
 f - 2 scrolls of enchant weapon {unknown}
 i - 4 scrolls of teleportation {unknown}
 j - 3 scrolls of noise {unknown}
 o - a scroll of amnesia {unknown}
 p - 2 scrolls of fear {unknown}
 s - a scroll of magic mapping {unknown}
 t - a scroll of torment {unknown}
 u - a scroll of poison
 w - a scroll of silence
 y - a scroll of immolation
Potions
 a - a potion of magic
 e - a potion of lignification
 h - a potion of heal wounds
 m - a potion of brilliance {unknown}
 n - a potion of resistance {unknown}
 r - a potion of cancellation {unknown}
 v - a potion of flight {unknown}
 x - 4 potions of curing {unknown}
 z - a potion of invisibility {unknown}


   Skills:
 + Level 0.6 Fighting
 + Level 0.1 Staves
 + Level 6.2 Dodging
 + Level 8.5 Stealth
 + Level 0.5 Unarmed Combat
 + Level 8.4 Spellcasting
 + Level 2.2 Conjurations
 * Level 2.4 Translocations
 + Level 1.0 Transmutations
 + Level 9.3 Earth Magic


You had 19 spell levels left.
You knew the following spells:

 Your Spells              Type           Power      Damage    Failure   Level
a - Sandblast             Erth           100%       2d20      1%          1
b - Stone Arrow           Conj/Erth      98%        3d13      1%          3
c - Blink                 Tloc           36%        N/A       4%          2

Your spell library contained the following spells:

 Spells                   Type           Power      Damage    Failure   Level
 Passwall                 Tmut/Erth      37%        N/A       1%          2
 Petrify                  Tmut/Erth      45%        N/A       9%          4
 Scorch                   Fire           16%        2d6       12%         2
 Flame Wave               Conj/Fire      13%        2d6       43%         4
 Manifold Assault         Tloc           18%        N/A       61%         5
 Summon Cactus Giant      Summ           4%         N/A       100%        6
 Storm Form               Tmut/Air       5%         N/A       100%        7


Dungeon Overview and Level Annotations

Branches:
Dungeon (8/15)             Temple (1/1) D:6
   Lair: D:8-11

Altars:
Ashenzari
Cheibriados
Dithmenos
Elyvilon
Gozag
Hepliaklqana
Kikubaaqudgha
Nemelex Xobeh
Okawaru
Sif Muna
Trog
Uskayaw
Vehumet
Wu Jian
Xom
Yredelemnul
Zin
The Shining One

Shops:
D:3 =

Annotations:
D:4 3 runed translucent doors, Newt's ghost, weakling DsGl
D:6 1 runed translucent door, Crazy Yiuf
D:7 Maggie


Innate Abilities, Weirdness & Mutations

You cannot wear most types of armour.
You are amphibious.
You can wear up to eight rings at the same time.
Your skin changes colour to match your surroundings (Stealth+).
Your rubbery body absorbs attacks. (AC +1, EV +1)
((You are camouflaged when in or above water. (Stealth+)))
You have tentacles for arms and can constrict up to eight enemies at once.


Message History

The steam dragon is severely wounded.
The steam dragon hisses angrily.
Aiming: Stone Arrow (dangerous; 2% risk of failure)
Press: ? - help, Q - select action, (/) - cycle Shift-Dir - straight line, f/p - steam dragon
Aim: a steam dragon (severely wounded, 76% to hit)
You feel a surge of power!
The stone arrow hits the steam dragon!!
You kill the steam dragon!
The steam dragon scales are intact enough to wear.
You start resting.
Magic restored.
Things that are here:
+0 steam dragon scales; a steam dragon corpse You open the door.
Found a stone staircase leading down.
There is an open door here.
Found a stone staircase leading up.
A wyvern comes into view.
Aiming: Stone Arrow (safe; 1% risk of failure)
Press: ? - help, Q - select action, (/) - cycle Shift-Dir - straight line, f - you
Okay, then.
The wyvern hisses angrily.
Aiming: Stone Arrow (safe; 1% risk of failure)
Press: ? - help, Q - select action, (/) - cycle Shift-Dir - straight line, f - wyvern
Aim: a wyvern (76% to hit)
You feel a surge of power!
The stone arrow hits the wyvern!
The wyvern is heavily wounded.
The wyvern bites you!!
Aiming: Stone Arrow (safe; 1% risk of failure)
Press: ? - help, Q - select action, (/) - cycle Shift-Dir - straight line, f/p - wyvern
Aim: a wyvern (heavily wounded, 76% to hit)
You feel a surge of power!
The stone arrow hits the wyvern!
The wyvern is almost dead.
The wyvern bites you!! The wyvern bites you!
* * * LOW HITPOINT WARNING * * *
Aiming: Stone Arrow (safe; 1% risk of failure)
Press: ? - help, Q - select action, (/) - cycle Shift-Dir - straight line, f/p - wyvern
Aim: a wyvern (almost dead, 76% to hit)
You feel a surge of power!
The stone arrow misses the wyvern.
The wyvern bites you!
You die...

####### #### # #.....#
...# # #.....# #.#:### #
#.....# ##.<.....
######.....#####.......#
'.....[....'....>.....#
#######....#####.#.....
# #....# #@# ..# #
##...##....l.....#
#########.#.....# #
#.##....# # ... ##..#
### ## ... .# ).# ..#
... # #.###..##### #...#
...........


You could see a wyvern.

Vanquished Creatures
  Psyche (D:8)
  Grum (D:8)
  A steam dragon (D:8)
  Edmund (D:6)
  A water moccasin (D:5)
  An acid dragon (D:8)
  An ice beast (D:5)
  An orc warrior (D:6)
  3 black bears
  A sky beast (D:6)
  3 wolves (D:8)
  2 ogres (D:5)
  2 phantoms
  Blork the orc (D:6)
  2 kobold brigands
  A bullfrog (D:6)
  3 scorpions
  5 wights
  A howler monkey (D:8)
  8 hounds
  2 orc priests
  3 jellies (D:6)
  4 orc wizards
  Natasha (thrice) (D:2)
  3 iguanas
  2 scorpion zombies (D:4)
  3 gnolls
  7 adders
  2 shadow imps (D:6)
  3 ufetubi (D:5)
  4 worms
  A dart slug (D:4)
  26 orcs
  7 ball pythons
  7 endoplasms
  A giant cockroach (D:3)
  6 goblins
  5 hobgoblins
  15 jackals
  2 quokkas (D:1)
  2 bats (D:1)
  3 frilled lizards (D:1)
  9 kobolds
  4 rats
164 creatures vanquished.

Notes
Turn   | Place    | Note
-------+----------+-------------------------------------------
     0 | D:1      | ravioli the Octopode Earth Elementalist began the quest for
                  | the Orb.
     0 | D:1      | Reached XP level 1. HP: 11/11 MP: 3/3
   316 | D:1      | Reached XP level 2. HP: 17/17 MP: 3/5
  1162 | D:1      | Reached XP level 3. HP: 21/21 MP: 4/6
  1579 | D:1      | Found a faded altar of an unknown god.
  1850 | D:1      | Reached skill level 5 in Dodging
  1850 | D:1      | Reached skill level 5 in Spellcasting
  1850 | D:1      | Reached skill level 6 in Earth Magic
  1850 | D:1      | Reached XP level 4. HP: 27/27 MP: 7/11
  2249 | D:2      | Noticed Natasha
  2259 | D:2      | Killed Natasha
  2586 | D:2      | Noticed Natasha
  2590 | D:2      | Killed Natasha
  2591 | D:2      | Reached XP level 5. HP: 31/31 MP: 10/13
  2723 | D:2      | Noticed Natasha
  3084 | D:2      | Killed Natasha
  3591 | D:3      | Reached XP level 6. HP: 36/36 MP: 12/14
  3720 | D:3      | Identified the +7 dagger "Vigaga" {spect, Fragile Str+3
                  | Int+6 Stlth+}
  3941 | D:3      | HP: 2/54 [something/magic dart (9)]
  4514 | D:3      | Found Erovobae's Jewellery Boutique.
  4905 | D:4      | Found a runed translucent gate.
  4905 | D:4      | Found a runed translucent gate.
  4905 | D:4      | Found a runed translucent gate.
  4905 | D:4      | Noticed Newt's ghost (weakling DsGl)
  4907 | D:4      | Found a basalt altar of Yredelemnul.
  5304 | D:5      | Entered Level 5 of the Dungeon
  5351 | D:5      | Noticed a black bear
  5354 | D:5      | Killed a black bear
  5355 | D:5      | Reached XP level 7. HP: 41/41 MP: 13/16
  5443 | D:5      | Reached skill level 7 in Earth Magic
  5495 | D:5      | Identified the +5 falchion of the Oily God {vorpal, Drain
                  | rElec Dex+6}
  5573 | D:5      | Reached XP level 8. HP: 46/46 MP: 14/17
  6107 | D:6      | Noticed Blork the orc
  6110 | D:6      | Killed Blork the orc
  6141 | D:6      | Reached skill level 8 in Earth Magic
  6145 | D:6      | Learned a level 3 spell: Stone Arrow
  6148 | D:6      | Learned a level 2 spell: Blink
  6425 | D:6      | Found a staircase to the Ecumenical Temple.
  6432 | D:6      | Reached XP level 9. HP: 51/51 MP: 18/20
  6502 | D:6      | Noticed Edmund
  6509 | D:6      | Killed Edmund
  6692 | D:6      | Found a runed translucent door.
  6693 | D:6      | Noticed Crazy Yiuf
  6788 | Temple   | Entered the Ecumenical Temple
  6876 | D:3      | Bought a ring of magical power for 280 gold pieces
  6951 | D:6      | Found an ancient bone altar of Kikubaaqudgha.
  6959 | D:6      | Found an ornate altar of the Wu Jian Council.
  6974 | D:6      | Found a glowing silver altar of Zin.
  6974 | D:6      | Found a shimmering blue altar of Sif Muna.
  6974 | D:6      | Found a radiant altar of Vehumet.
  6974 | D:6      | Found a glowing golden altar of the Shining One.
  7135 | D:6      | Found a bloodstained altar of Trog.
  7137 | D:6      | Found a sparkling altar of Nemelex Xobeh.
  7303 | D:7      | Noticed Maggie
  7988 | D:8      | Reached skill level 9 in Earth Magic
  7991 | D:8      | Reached skill level 1 in Translocations
  7997 | D:7      | Reached skill level 1 in Conjurations
  8586 | D:8      | Noticed Grum
  8598 | D:8      | Killed Grum
  8617 | D:8      | Reached XP level 10. HP: 22/57 MP: 0/22
  8792 | D:8      | Noticed Psyche
  8805 | D:8      | Killed Psyche
  8896 | D:8      | Mangled by a wyvern

Illustrated notes

Levels and vault maps discovered:
D:1:      dpeg_arrival_pits, layout_basic, dilly_ecumenical_altar_fadedgnrine
D:2:      layout_basic, minmay_distorted, uniq_natasha
D:3:      layout_basic, serial_shops, nicolae_shop_waterfront
D:4:      layout_gridville, nicolae_yredelemnul_ghost_church
D:5:      minmay_evil_eye, layout_rooms
D:6:      layout_basic, minitemple, minmay_temple_entry_ruins, serial_curves,
          eino_curves_02, eino_curves_03, minmay_checkerbox, uniq_edmund,
          uniq_blork_the_orc, uniq_crazy_yiuf_cottage
D:7:      layout_basic, uniq_maggie
D:8:      layout_basic, dpeg_lair_monsters, uniq_grum, uniq_psyche
Temple:   hellmonk_temple_rainy

Skill      XL: |  1  2  3  4  5  6  7  8  9 10 |
---------------+-------------------------------+-----
Stealth        | 8 |  8.5
Dodging        | 5 6 |  6.2
Spellcasting   | 5 6 7 8 |  8.4
Earth Magic    | 6 7 8 9 |  9.3
Translocations | 2 |  2.4
Conjurations   | 1 2 |  2.2
Fighting       | |  0.6
Staves         | |  0.1
Unarmed Combat | |  0.5
Transmutations | |  1.0

Action                   |  1- 3 |  4- 6 |  7- 9 | 10-12 || total
-------------------------+-------+-------+-------+-------++-------
Melee: Unarmed           |    17 |    40 |       |       ||    57
       Tentacles         |     5 |     4 |       |     1 ||    10
       Constrict         |     5 |     4 |     1 |       ||    10
       Staff             |       |       |     4 |     7 ||    11
 Cast: Sandblast         |    37 |    76 |    83 |       ||   196
       Stone Arrow       |       |       |    50 |     6 ||    56
Evoke: Wand              |       |       |       |     1 ||     1
  Use: Potion            |     1 |     3 |     3 |       ||     7
       Scroll            |       |       |     3 |       ||     3
Armor: Skin              |     9 |    22 |     2 |       ||    33
Dodge: Dodged            |    33 |    36 |    51 |     2 ||   122

Table legend: (Time is in decaauts)
 A = Elapsed time spent in this place.
 B = Non-inter-level travel time spent in this place.
 C = Inter-level travel time spent in this place.
 D = Time resting spent in this place.
 E = Time spent auto-exploring this place.
 F = Levels seen in this place.
 G = Mean time per level.
                   A        B        C        D        E       F      G
               +--------+--------+--------+--------+--------+-----+--------+
         Total |   9011 |   8639 |    372 |   3123 |   4064 |   9 | 1001.2 |
       Dungeon |   8955 |   8613 |    342 |   3123 |   4061 |   8 | 1119.4 |
        Temple |     56 |     27 |     29 |      0 |      3 |   1 |   56.0 |
               +--------+--------+--------+--------+--------+-----+--------+

Top non-repeatable levels by time:
     D:1: 2289 daAuts
     D:3: 1304 daAuts
     D:2: 1130 daAuts
     D:7: 1056 daAuts
     D:6: 932 daAuts
     D:5: 843 daAuts
     D:4: 710 daAuts
     D:8: 687 daAuts
  Temple: 56 daAuts
